 Dungeon Sprint DCSS version 0.30-a0-883-g5ad918d77d (webtiles) character file.

Game seed: 3009987225706362143

231 dialectric the Trooper (level 6, -6/44 HPs)
             Began as a Gargoyle Fighter on Mar 16, 2023.
             Mangled by a neqoxec (11 damage)
             ... in the Dungeon (Sprint II: "The Violet Keep of Menkaure").
             The game lasted 00:00:24 (42 turns).

dialectric the Trooper (Gargoyle Fighter)             Turns: 42, Time: 00:00:25

Health: -6/44      AC:  9    Str: 22    XL:     6   Next: 3%
Magic:  6/6        EV: 11    Int:  8    God:
Gold:   0          SH:  0    Dex:  9    Spells: 5/5 levels left

rFire   . . .      SeeInvis .    a - +0 long sword
rCold   . . .      Faith    .    (no shield)
rNeg    + . .      Spirit   .    b - +0 scale mail
rPois   ∞          Reflect  .    (no helmet)
rElec   +          Rampage  .    (no cloak)
rCorr   .          NoTele   +    (no gloves)
Will    .....                    (no boots) Stlth
                                 (no amulet)
HPRegen 0.27/turn                (no ring)
MPRegen 0.10/turn                (no ring)

@: mighty, unable to read
A: sickness immunity, AC +4, negative energy resistance 1, electricity
resistance, torment resistance 1, petrification resistance, deformed body,
inability to read after injury 1
a: no special abilities


You were in the Dungeon.
You visited 1 branch

Inventory:

Hand Weapons
 a - a +0 long sword (weapon)
Armour
 b - a +0 scale mail (worn)
 c - a +0 buckler
Scrolls
 j - a scroll of blinking
Potions
 e - a potion of curing
 f - a potion of heal wounds
 g - a potion of haste
 h - 2 potions of magic
 i - a potion of berserk rage


   Skills:
 + Level 7.8 Fighting
 + Level 4.7 Long Blades
 + Level 7.7 Armour
 * Level 3.5 Dodging
 - Level 5.3 Shields


You had 5 spell levels left.
You didn't know any spells.
Your spell library was empty.

Dungeon Overview and Level Annotations

Branches:
Dungeon (1/1)

Altars:


Innate Abilities, Weirdness & Mutations

You are immune to sickness and miasma.
Your stone body is resilient. (AC +4)
You are immune to poison.
You resist negative energy. (rN+)
You are resistant to electric shocks. (rElec)
You are resistant to unholy torment.
You are immune to petrification.
Armour fits poorly on your strangely shaped body.
You occasionally lose the ability to read scrolls when taking damage.


Message History

A neqoxec comes into view.
You close the door.
A neqoxec opens the door.
The neqoxec hits you.
* * * LOW HITPOINT WARNING * * *
There is an open door here.
You miss the neqoxec.
The neqoxec hits you but does no damage.
You closely miss the neqoxec. The neqoxec gestures at you.
Something tries to feed on your intellect!
You slash the neqoxec!
The neqoxec is moderately wounded.
The neqoxec gestures at you.
Something tries to feed on your intellect!
You slash the neqoxec!
The neqoxec is heavily wounded.
The neqoxec misses you.
You barely miss the neqoxec.
The neqoxec is heavily wounded.
The neqoxec hits you.
* * * LOW HITPOINT WARNING * * *
You closely miss the neqoxec.
The neqoxec is heavily wounded.
You barely miss the neqoxec.
The neqoxec is heavily wounded.
The neqoxec gestures at you.
Strange energies course through your body.
You occasionally lose the ability to read scrolls when taking damage.
The neqoxec gestures at you.
Strange energies course through your body.
Your body twists and deforms.
You barely miss the neqoxec.
The neqoxec is heavily wounded.
The neqoxec hits you.
* * * LOW HITPOINT WARNING * * *
You miss the neqoxec.
The neqoxec is heavily wounded.
The neqoxec hits you!
You feel threatened and lose the ability to read scrolls!
You die... ## ## ##. .## .. .. # B#B

#. #+#
#..##.###
#†.<.@#
#..##.##3#
#. #+# #3#
# ##


You could see 2 neqoxecs.

Vanquished Creatures
  4 scorpions (D)
4 creatures vanquished.

Notes
Turn   | Place    | Note
-------+----------+-------------------------------------------
     0 | D        | dialectric the Gargoyle Fighter began the quest for the
                  | Orb.
     0 | D        | Reached XP level 1. HP: 14/14 MP: 1/1
     8 | D        | Noticed a scorpion
     8 | D        | Noticed a scorpion
     8 | D        | Noticed a scorpion
     8 | D        | Noticed a scorpion
    13 | D        | Killed a scorpion
    14 | D        | Reached skill level 5 in Fighting
    14 | D        | Reached skill level 5 in Armour
    14 | D        | Reached skill level 5 in Shields
    14 | D        | Reached XP level 2. HP: 9/21 MP: 2/2
    14 | D        | Reached XP level 3. HP: 11/26 MP: 3/3
    14 | D        | Reached XP level 4. HP: 14/31 MP: 4/4
    16 | D        | Killed a scorpion
    17 | D        | Reached skill level 1 in Dodging
    19 | D        | Killed a scorpion
    20 | D        | Reached XP level 5. HP: 9/38 MP: 5/5
    27 | D        | Reached XP level 6. HP: 11/44 MP: 6/6
    28 | D        | Noticed a boulder beetle
    28 | D        | Noticed a boulder beetle
    31 | D        | Noticed a neqoxec
    31 | D        | Noticed a neqoxec
    40 | D        | Gained mutation: You occasionally lose the ability to read
                  | scrolls when taking damage. [a neqoxec]
    40 | D        | Gained mutation: Armour fits poorly on your strangely
                  | shaped body. [a neqoxec]
    42 | D        | Mangled by a neqoxec

Illustrated notes

Levels and vault maps discovered:
D:        the_violet_keep_of_menkaure [sprint2_stairs_cluster_1,
          sprint2_shoproom, sprint2_temple, sprint2_basic_supplies,
          sprint2_obstacle_7, sprint2_obstacle_5, sprint2_obstacle_4,
          sprint2_obstacle_6, sprint2_obstacle_1, sprint2_timed_cluster_1,
          sprint2_smallroom_cluster_1, sprint2_smallroom_final_cluster_1,
          sprint2_transparent_cluster_1, sprint2_second_timed_cluster_1,
          sprint2_sniper_area_1, sprint2_heavy_combat_area_1,
          sprint2_mutation_trap_area_1, sprint2_forest_area_1,
          sprint2_light_combat_area_1, sprint2_behind_water_1,
          sprint2_near_end_vault_1]

Skill      XL: |  1  2  3  4  5 |
---------------+----------------+-----
Fighting       | 5 7 |  7.8
Long Blades    | 2 4 |  4.7
Armour         | 5 7 |  7.7
Shields        | 5 |  5.3
Dodging        | 2 3 |  3.5

Action                     |  1- 3 |  4- 6 || total
---------------------------+-------+-------++-------
  Melee: Long sword        |     4 |    22 ||    26
    Use: Potion            |     1 |       ||     1
 Armour: Scale mail        |     1 |     8 ||     9
  Dodge: Dodged            |     3 |     6 ||     9

Table legend: (Time is in decaauts)
 A = Elapsed time spent in this place.
 B = Non-inter-level travel time spent in this place.
 C = Inter-level travel time spent in this place.
 D = Time resting spent in this place.
 E = Time spent auto-exploring this place.
 F = Levels seen in this place.
 G = Mean time per level.
                   A        B        C        D        E       F      G
               +--------+--------+--------+--------+--------+-----+--------+
         Total |     47 |     47 |      0 |      0 |      0 |   1 |   47.0 |
       Dungeon |     47 |     47 |      0 |      0 |      0 |   1 |   47.0 |
               +--------+--------+--------+--------+--------+-----+--------+

Top non-repeatable levels by time:
       D: 47 daAuts
